 Dungeon Crawl Stone Soup version 0.28-a0-268-g3f656e82c2 (console) character file.

Game seed: 7093158607910057800

157 FIQ the Magician (level 5, -7/35 HPs)
             Began as a Djinni Fire Elementalist on Aug 28, 2021.
             Killed from afar by Ijyb (27 damage)
             ... with a bolt of acid
             ... on level 3 of the Dungeon.
             The game lasted 00:02:54 (3855 turns).

FIQ the Magician (Djinni Fire Elementalist)         Turns: 3855, Time: 00:02:55

Health: -7/35      AC:  2    Str:  7    XL:     5   Next: 66%
Gold:   22         EV: 12    Int: 18    God:
                   SH:  0    Dex: 13

rFire   + + .      SeeInvis .   (no weapon)
rCold   x . .      Faith    .   (no shield)
rNeg    . . .      Spirit   .   a - +0 robe
rPois   ∞          Reflect  .   (no helmet)
rElec   .          Harm     .   (no cloak)
rCorr   .          Rampage  .   (no gloves)
Will    .....                   (boots unavailable)
Stlth   ++........              (no amulet)
HPRegen 0.11/turn               (no ring)
MPRegen 0.00/turn               (no ring)

@: flying
A: sickness immunity, fire resistance 2, cold vulnerability 1, float, innate
caster, hp casting, extra vitality 1
a: no special abilities


You were on level 3 of the Dungeon.
You visited 1 branch of the dungeon, and saw 3 of its levels.

You collected 70 gold pieces.
You spent 48 gold pieces at shops.

Inventory:

Armour
 a - a +0 robe (worn)
Scrolls
 c - a scroll of teleportation
 f - a scroll of enchant weapon {unknown}
 g - a scroll of vulnerability {unknown}
 h - 2 scrolls of noise {unknown}
 k - a scroll of summoning {unknown}
Potions
 b - 2 potions of might
 d - a potion of curing
 e - a potion of ambrosia
 i - a potion of cancellation {unknown}
 j - a potion of degeneration


   Skills:
 - Level 2.1 Dodging
 - Level 1.5 Stealth
 + Level 4.6 Spellcasting


You couldn't memorise any spells.
You knew the following spells:

 Your Spells              Type           Power      Damage    Failure   Level
a - Foxfire               Conj/Fire      80%        2x1d8     1%          1
b - Conjure Flame         Conj/Fire      20%        6-21      6%          3
c - Inner Flame           Hex/Fire       20%        N/A       6%          3
d - Sticky Flame          Conj/Fire      20%        2d4       21%         4
e - Fireball              Conj/Fire      10%        3d6       50%         5
f - Pain                  Necr           80%        1d8       1%          1
g - Corpse Rot            Necr/Air       N/A        N/A       3%          2
Your spell library was empty.

Dungeon Overview and Level Annotations

Branches:
Dungeon (3/15)

Altars:

Shops:
D:3 !

Annotations:
D:3 Ijyb


Innate Abilities, Weirdness & Mutations

You are immune to sickness and miasma.
You are immune to poison.
Your flesh is very heat resistant. (rF++)
You are vulnerable to cold. (rC-)
You float through the air rather than walking.
You learn spells naturally, not from books.
Your magical power is your life essence.
You have superior vitality. (+4 HP)


Message History

You are very lightly contaminated with residual magic.
Nothing appears to happen.
The foxfire hits the gnoll.
You kill the gnoll!
Your foxfire dissipates!
Your foxfire dissipates! x2
Your magical contamination has completely faded away.
A hobgoblin comes into view.
A hobgoblin is nearby!
A hobgoblin is nearby!
A hobgoblin is nearby!
You conjure some foxfire!
The hobgoblin shouts!
You conjure some foxfire!
The foxfire hits the hobgoblin.
The hobgoblin is severely wounded.
You conjure some foxfire!
The foxfire hits the hobgoblin but does no damage.
The hobgoblin is severely wounded.
The foxfire hits the hobgoblin.
You kill the hobgoblin!
You conjure some foxfire!
Your foxfire dissipates!
Your foxfire dissipates!
Your foxfire dissipates! x2
Your foxfire dissipates!
Ijyb the Twisted Goblin comes into view.
She is wielding a +0 dagger and carrying a wand of acid (12).
Ijyb is nearby!
Ijyb is nearby!
Ijyb is nearby!
You conjure some foxfire!
Ijyb shouts!
You conjure some foxfire!
Ijyb screams, "I dance on your bones!"
You conjure some foxfire!
The foxfire hits Ijyb but does no damage.
The foxfire hits Ijyb.
Ijyb is lightly wounded.
The foxfire hits Ijyb.
Ijyb is moderately wounded.
Ijyb zaps a wand.
The bolt of acid hits your foxfire!!! The acid corrodes your foxfire!
The bolt of acid hits you!!
Ouch! That really hurt!
You die...

#...###...#.#... #..#
#..#...#.. #.# ##.....##
#.....#. #### #.....#.
#... #.#...#.# #..#
#...#)#... #..#
........... #..#
###.###..##
.#####vv##### #.# #...(
.)))..§@§...####.###.##.
######§§###..).†#.......
#§§# ######.###.... #.§#
#.# ##### #..# #.#### #
#.g########....# #
............##.# #
............##.# #
#.########.# #
#######.####
............


You could see Ijyb (ally target).

Vanquished Creatures
  4 gnolls
  3 adders
  3 worms
  4 orcs
  8 bats
  5 endoplasms
  3 giant cockroaches
  10 goblins
  7 hobgoblins
  7 jackals (D:3)
  6 kobolds
  A quokka (D:2)
  7 ball pythons
  A frilled lizard (D:3)
  6 rats
75 creatures vanquished.

Vanquished Creatures (others)
  358 foxfires
358 creatures vanquished.

Grand Total: 433 creatures vanquished

Notes
Turn   | Place    | Note
-------+----------+-------------------------------------------
     0 | D:1      | FIQ the Djinni Fire Elementalist began the quest for the
                  | Orb.
     0 | D:1      | Reached XP level 1. HP: 15/15 MP: 0/0
   175 | D:1      | Reached XP level 2. HP: 8/21 MP: 0/0
   621 | D:1      | Reached skill level 3 in Spellcasting
   987 | D:1      | Reached XP level 3. HP: 23/25 MP: 0/0
   987 | D:1      | Learned a level 1 spell: Pain
  1162 | D:1      | Found a faded altar of an unknown god.
  1602 | D:2      | Reached XP level 4. HP: 23/31 MP: 0/0
  2922 | D:3      | Found Pewko's Distillery.
  2932 | D:3      | Bought a potion of curing for 36 gold pieces
  2932 | D:3      | Bought a potion of degeneration for 12 gold pieces
  3107 | D:3      | Reached skill level 4 in Spellcasting
  3281 | D:3      | Reached XP level 5. HP: 30/35 MP: 0/0
  3281 | D:3      | Learned a level 2 spell: Corpse Rot
  3852 | D:3      | Noticed Ijyb
  3855 | D:3      | Killed from afar by Ijyb

Illustrated notes

Levels and vault maps discovered:
D:1:      nagdon_arrival_zigzag_paths, layout_rooms, basic_ecumenical_altar
D:2:      layout_basic, minmay_increasing_density
D:3:      layout_loops_ring, serial_shops, shop, shop, minmay_splitting_lines,
          uniq_ijyb

Skill      XL: |  1  2  3  4 |
---------------+-------------+-----
Spellcasting   | 3 4 |  4.6
Dodging        | |  2.1
Stealth        | |  1.5

Action                   |  1- 3 |  4- 6 || total
-------------------------+-------+-------++-------
Melee: Unarmed           |     3 |       ||     3
 Cast: Foxfire           |    64 |   161 ||   225
       Inner Flame       |     1 |       ||     1
  Use: Scroll            |     1 |     2 ||     3
Dodge: Dodged            |    13 |     2 ||    15

Table legend: (Time is in decaauts)
 A = Elapsed time spent in this place.
 B = Non-inter-level travel time spent in this place.
 C = Inter-level travel time spent in this place.
 D = Time resting spent in this place.
 E = Time spent auto-exploring this place.
 F = Levels seen in this place.
 G = Mean time per level.
                   A        B        C        D        E       F      G
               +--------+--------+--------+--------+--------+-----+--------+
         Total |   3854 |   3838 |     16 |      0 |   3416 |   3 | 1284.7 |
       Dungeon |   3854 |   3838 |     16 |      0 |   3416 |   3 | 1284.7 |
               +--------+--------+--------+--------+--------+-----+--------+

Top non-repeatable levels by time:
     D:2: 1664 daAuts
     D:1: 1257 daAuts
     D:3: 932 daAuts
